 Dungeon Crawl Stone Soup version 0.17-a0-1979-g1c74939 (webtiles) character file.

93 truemonolith the Sneak (level 4, 0/35 HPs)
             Began as a Demigod Wanderer on Oct 5, 2015.
             Slain by an adder (3 damage)
             ... on level 2 of the Dungeon.
             The game lasted 00:05:31 (1983 turns).

truemonolith the Sneak (Demigod Wanderer)           Turns: 1983, Time: 00:05:31

Health: 0/35       AC: 13    Str: 19    XL:     4   Next: 14%
Magic:  8/8        EV:  5    Int: 22    God:
Gold:   146        SH:  0    Dex: 14    Spells: 0 memorised, 5 levels left

rFire  . . .     SeeInvis .     n - +0 whip
rCold  . . .     Clarity  .     l - +0 plate armour
rNeg   . . .     SustAt   +     (no shield)
rPois  .         Gourm    .     p - +2 helmet
rElec  .         Spirit   .     (no cloak)
rCorr  .         Warding  .     (no gloves)
rMut   .         Stasis   .     (no boots)
MR     .....                    (no amulet)
Stlth  ..........               (no ring)
                                (no ring)

@: brilliant, lethally poisoned (0 -> -6), not resistant to hostile
enchantments, extremely unstealthy
A: high mp 1, strong 1, sustain attributes
a: no special abilities


You were on level 2 of the Dungeon.
You were not hungry.

You visited 1 branch of the dungeon, and saw 2 of its levels.

You collected 146 gold pieces.

Inventory:

Hand Weapons
 e - a +0 club
 f - a +0 dagger
 n - a +0 whip (weapon)
Armour
 d - a +0 robe
 h - a +0 ring mail
 l - a +0 plate armour (worn)
 m - a +0 helmet
 p - a +2 helmet (worn)
Scrolls
 g - a scroll of magic mapping {unknown}
 i - 2 scrolls of identify {unknown}
 j - a scroll of amnesia {unknown}
 k - a scroll of enchant weapon {unknown}
 o - a scroll of random uselessness {unknown}
 v - a scroll of teleportation {unknown}
Books
 a - a book of Flames

   Spells                             Type                      Level
   a - Flame Tongue                   Conjuration/Fire             1
   b - Throw Flame                    Conjuration/Fire             2
   c - Conjure Flame                  Conjuration/Fire             3
   d - Inner Flame                    Hexes/Fire                   3
   e - Sticky Flame                   Conjuration/Fire             4
   f - Fireball                       Conjuration/Fire             5
 b - the Papyrus of Stolen Souls

   Spells                             Type                      Level
   a - Corpse Rot                     Necromancy                   2
   b - Sublimation of Blood           Necromancy                   2
Comestibles
 q - a beef jerky
 r - a bread ration
 t - a slice of pizza


   Skills:
 - Level 1.0 Fighting
   Level 1.7 Long Blades
 + Level 2.8 Maces & Flails
 - Level 1.0 Throwing
 - Level 3.6 Stealth
 - Level 1.0 Spellcasting
   Level 1.7 Fire Magic


You had 5 spell levels left.
You didn't know any spells.

Dungeon Overview and Level Annotations

Branches:
Dungeon (2/15)


Innate Abilities, Weirdness & Mutations

You have an increased reservoir of magic (+10% MP).
Your attributes are resistant to harm.
Your muscles are strong. (Str +2)


Message History

Your plate armour prevents you from hitting the adder.
The adder is heavily wounded.
The adder bites you.
* * * LOW HITPOINT WARNING * * *
You are more poisoned.
The adder poisons you!
You hit the adder.
The adder is heavily wounded.
You feel sick. The adder bites you but does no damage.
You miss the adder.
The adder is heavily wounded.
The adder bites you.
* * * LOW HITPOINT WARNING * * *
Drink which item? (? for menu, Esc to quit)
It was a potion of beneficial mutation.
You feel stronger.
You feel fantastic!
* * * LOW HITPOINT WARNING * * *
You feel sick. The adder bites you but does no damage. The adder bites you.
You die...

# #..###⌠.⌠.###### #
##.## ##......... .##
###..# ###..########..#
....####.....?........#
.####....#.#.#.#.#.#..#
<..)...#..............#
.####†.....⌠.....⌠....#
####†........._..S....#
#......#...⌠....@⌠...#
..##._.#(............#
..##...#.#.#.#.#.#.#.#
......##......?.....$#
#####.################
#.# #.# ### ..#


You could see an adder.

Vanquished Creatures
  3 adders (D:2)
  3 oozes (D:1)
  A worm (D:2)
  7 hobgoblins
  3 jackals (D:1)
  2 quokkas (D:2)
  5 bats
  4 giant cockroaches
  A giant gecko (D:1)
  5 giant newts
  3 goblins (D:1)
  9 kobolds (D:1)
  3 rats
49 creatures vanquished.

Notes
Turn   | Place    | Note
--------------------------------------------------------------
     0 | D:1      | truemonolith the Demigod Wanderer began the quest for the Orb.
     0 | D:1      | truemonolith set off with: a book of Flames, the Papyrus of Stolen Souls, a potion of curing, a +0 robe, a +0 club, a +0 dagger, a bread ration, a !bad item (cl:100,ty:0,pl:0,pl2:0,sp:0,qu:0), a !bad item (cl:100,ty:0,pl:0,pl2:0,sp:0,qu:0), a !bad item (cl:100,ty:0,pl:0,pl2:0,sp:0,qu:0), a !bad item (cl:100,ty:0,pl:0,pl2:0,sp:0,qu:0), a !bad item (cl:100,ty:0,pl:0,pl2:0,sp:0,qu:0), a !bad item (cl:100,ty:0,pl:0,pl2:0,sp:0,qu:0), a !bad item (cl:100,ty:0,pl:0,pl2:0,sp:0,qu:0), a !bad item (cl:100,ty:0,pl:0,pl2:0,sp:0,qu:0), a !bad item (cl:100,ty:0,pl:0,pl2:0,sp:0,qu:0), a !bad item (cl:100,ty:0,pl:0,pl2:0,sp:0,qu:0), a !bad item (cl:100,ty:0,pl:0,pl2:0,sp:0,qu:0), a !bad item (cl:100,ty:0,pl:0,pl2:0,sp:0,qu:0), a !bad item (cl:100,ty:0,pl:0,pl2:0,sp:0,qu:0), a !bad item (cl:100,ty:0,pl:0,pl2:0,sp:0,qu:0), a !bad item (cl:100,ty:0,pl:0,pl2:0,sp:0,qu:0), a !bad item (cl:100,ty:0,pl:0,pl2:0,sp:0,qu:0), a !bad item (cl:100,ty:0,pl:0,pl2:0,sp:0,qu:0), a !bad item (cl:100,ty:0,pl:0,pl2:0,sp:0,qu:0), a !bad item (cl:100,ty:0,pl:0,pl2:0,sp:0,qu:0), a !bad item (cl:100,ty:0,pl:0,pl2:0,sp:0,qu:0), a !bad item (cl:100,ty:0,pl:0,pl2:0,sp:0,qu:0), a !bad item (cl:100,ty:0,pl:0,pl2:0,sp:0,qu:0), a !bad item (cl:100,ty:0,pl:0,pl2:0,sp:0,qu:0), a !bad item (cl:100,ty:0,pl:0,pl2:0,sp:0,qu:0), a !bad item (cl:100,ty:0,pl:0,pl2:0,sp:0,qu:0), a !bad item (cl:100,ty:0,pl:0,pl2:0,sp:0,qu:0), a !bad item (cl:100,ty:0,pl:0,pl2:0,sp:0,qu:0), a !bad item (cl:100,ty:0,pl:0,pl2:0,sp:0,qu:0), a !bad item (cl:100,ty:0,pl:0,pl2:0,sp:0,qu:0), a !bad item (cl:100,ty:0,pl:0,pl2:0,sp:0,qu:0), a !bad item (cl:100,ty:0,pl:0,pl2:0,sp:0,qu:0), a !bad item (cl:100,ty:0,pl:0,pl2:0,sp:0,qu:0), a !bad item (cl:100,ty:0,pl:0,pl2:0,sp:0,qu:0), a !bad item (cl:100,ty:0,pl:0,pl2:0,sp:0,qu:0), a !bad item (cl:100,ty:0,pl:0,pl2:0,sp:0,qu:0), a !bad item (cl:100,ty:0,pl:0,pl2:0,sp:0,qu:0), a !bad item (cl:100,ty:0,pl:0,pl2:0,sp:0,qu:0), a !bad item (cl:100,ty:0,pl:0,pl2:0,sp:0,qu:0), a !bad item (cl:100,ty:0,pl:0,pl2:0,sp:0,qu:0), a !bad item (cl:100,ty:0,pl:0,pl2:0,sp:0,qu:0), a !bad item (cl:100,ty:0,pl:0,pl2:0,sp:0,qu:0), a !bad item (cl:100,ty:0,pl:0,pl2:0,sp:0,qu:0), a !bad item (cl:100,ty:0,pl:0,pl2:0,sp:0,qu:0), a !bad item (cl:100,ty:0,pl:0,pl2:0,sp:0,qu:0), a !bad item (cl:100,ty:0,pl:0,pl2:0,sp:0,qu:0)
     0 | D:1      | Reached XP level 1. HP: 16/16 MP: 4/4
    61 | D:1      | Reached skill level 3 in Stealth
   247 | D:1      | Reached XP level 2. HP: 20/23 MP: 5/5
   834 | D:1      | Reached skill level 1 in Maces & Flails
  1118 | D:1      | Reached XP level 3. HP: 25/28 MP: 6/6
  1654 | D:2      | Found a radiant altar of Vehumet.
  1801 | D:2      | Found a sparkling altar of Nemelex Xobeh.
  1813 | D:2      | Found a white marble altar of Elyvilon.
  1815 | D:2      | Found a bloodstained altar of Trog.
  1877 | D:2      | Reached XP level 4. HP: 20/35 MP: 8/8
  1983 | D:2      | Gained mutation: Your muscles are strong. (Str +2) [potion of beneficial mutation]
  1983 | D:2      | Slain by an adder

Vault maps used:
D:1:      saegor_arrival_simple_e, st_stairs_7
D:2:      bloody_trog, elyvilon_altar_5, nemelex_xobeh_ov_fountains_minmay,
          st_stairs_5, nrook_mini_vaults, lemuel_tele_altar

Action                   |  1- 3 |  4- 6 || total
-------------------------+-------+-------++-------
Melee: Club              |    73 |       ||    73
       Whip              |   222 |    31 ||   253
  Use: Potion            |     1 |     2 ||     3
  Eat: Bread ration      |     1 |       ||     1
